 Dungeon Crawl Stone Soup version 0.30-a0-269-gf0224bf7b6 (webtiles) character file.

Game seed: 11373739844499288174

242 dracfodder the Conjurer (level 5, 0/39 HPs)
             Began as a Draconian Conjurer on Oct 15, 2022.
             Succumbed to Crazy Yiuf's poison
             ... on level 3 of the Dungeon.
             The game lasted 00:21:11 (3691 turns).

dracfodder the Conjurer (Draconian Conjurer)        Turns: 3691, Time: 00:21:11

Health: 0/39       AC:  5    Str:  9    XL:     5   Next: 82%
Magic:  12/18      EV: 12    Int: 20    God:
Gold:   170        SH:  0    Dex: 10    Spells: 4/10 levels left

rFire   . . .      SeeInvis .    j - +1 sling
rCold   . . .      Faith    .    (no shield)
rNeg    . . .      Spirit   .    (body armour unavailable)
rPois   +          Reflect  .    (helmet restricted)
rElec   .          Harm     .    (no cloak)
rCorr   .          Rampage  .    (no gloves)
Will    .....                    (no boots)
Stlth   ++........               (no amulet)
HPRegen 0.26/turn                g - ring of magical power
MPRegen 0.16/turn                h - ring of poison resistance

@: lethally poisoned (0 -> -3), hasted, very quick
A: AC +5, unfitting armour, cold-blooded
a: no special abilities


You were on level 3 of the Dungeon.
You visited 1 branch of the dungeon, and saw 3 of its levels.

You collected 170 gold pieces.

Inventory:

Hand Weapons
 d - a +0 dagger
 j - a +1 sling (weapon)
 k - a +4 quarterstaff of chaos
Missiles
 e - 4 javelins
Armour
 l - a +0 cloak
Jewellery
 g - a ring of magical power (left hand)
 h - a ring of poison resistance (right hand)
Scrolls
 b - 5 scrolls of identify
 f - a scroll of butterflies
 i - a scroll of enchant armour
 o - a scroll of blinking
Potions
 a - 3 potions of magic
 c - 3 potions of might


   Skills:
 + Level 0.8 Fighting
 + Level 1.1 Short Blades
 + Level 1.1 Ranged Weapons
 + Level 0.7 Throwing
 + Level 2.2 Dodging
 + Level 2.4 Stealth
 + Level 3.3 Spellcasting
 + Level 5.3 Conjurations


You had 4 spell levels left.
You knew the following spells:

 Your Spells              Type           Power      Damage    Failure   Level
a - Magic Dart            Conj           96%        1d7       1%          1
b - Searing Ray           Conj           48%        2d6       2%          2
c - Dazzling Flash        Conj/Hex       28%        N/A       14%         3

Your spell library contained the following spells:

 Spells                   Type           Power      Damage    Failure   Level
 Fulminant Prism          Conj/Hex       7%         3d7       41%         4
 Iskenderun's Mystic Bla  Conj/Tloc      14%        2d5       41%         4
 Animate Dead             Necr           3%         N/A       80%         4
 Haunt                    Necr/Summ      1%         N/A       100%        7
 Infestation              Necr           1%         N/A       100%        8


Dungeon Overview and Level Annotations

Branches:
Dungeon (3/15)

Altars:

Shops:
D:2 *


Innate Abilities, Weirdness & Mutations

Your plain brown scales are hard. (AC +5)
You cannot fit into any form of body armour.
You are cold-blooded and may be slowed by cold attacks.


Message History

Crazy Yiuf is heavily wounded.
Crazy Yiuf glowers.
Crazy Yiuf hits you with a +4 quarterstaff of chaos!
You are poisoned.
The searing ray hits Crazy Yiuf.
Crazy Yiuf is severely wounded.
You finish channelling your searing ray.
You feel very sick.
Crazy Yiuf screams, "Cake!
Gum meccalolo hog."
Crazy Yiuf hits you with a +4 quarterstaff of chaos!
* * * LOW HITPOINT WARNING * * *
You feel yourself speed up.
* * * LOW HITPOINT WARNING * * *
You feel sick.
Crazy Yiuf cries, "Scoff mobile Hive!"
Crazy Yiuf closely misses you.
Okay, then.
Aiming: Searing Ray (safe; 2% risk of failure)
Press: ? - help, Q - select action, (/) - cycle Shift-Dir - straight line, f/p - Crazy Yiuf
Aim: Crazy Yiuf, wielding a +4 quarterstaff of chaos and wearing a +0 cloak (severely wounded, 82% to hit)
The searing ray hits Crazy Yiuf!
You kill Crazy Yiuf! (Press . to maintain the ray.)
* * * LOW HITPOINT WARNING * * *
You feel sick.
Your Ranged Weapons skill increases to level 1!
* * * LOW HITPOINT WARNING * * *
You feel sick.
There is an open translucent door here.
Things that are here:
a +4 quarterstaff of chaos; a +0 cloak; the gnoll corpse of Crazy Yiuf
k - a +4 quarterstaff of chaos;
l - a +0 cloak
* * * LOW HITPOINT WARNING * * *
You feel sick.
* * * LOW HITPOINT WARNING * * *
You feel sick.
Unknown command.
* * * LOW HITPOINT WARNING * * *
You feel sick.
You die...

...........
♣....♣
.##..##.[.#
♣)..♣♣ ....##
#..# ♣♣.♣♣ #..##
.. ♣)♣♣ ..# ♣♣.♣
..# ♣.♣♣ .... ..
♣♣.♣ .. .. .#
##†## #.. .#
#.@.# #.. ).##
#)).# #..## #..#
#).)#
....####..##
#####
.##..##....#
...........#####
....###.........
..........).....
....#..........[


There were no monsters in sight!

Vanquished Creatures
  A phantom (D:3)
  Crazy Yiuf (D:3)
  An orc wizard (D:3)
  3 adders
  A worm (D:3)
  3 dart slugs (D:1)
  5 orcs
  3 endoplasms
  3 giant cockroaches
  3 goblins
  9 hobgoblins
  4 jackals (D:1)
  9 kobolds
  3 quokkas
  6 ball pythons
  13 bats
  2 frilled lizards
  A rat (D:2)
  A spectral kobold (D:1)
72 creatures vanquished.

Notes
Turn   | Place    | Note
-------+----------+-------------------------------------------
     0 | D:1      | dracfodder the Draconian Conjurer began the quest for the
                  | Orb.
     0 | D:1      | Reached XP level 1. HP: 14/14 MP: 3/3
   394 | D:1      | Reached XP level 2. HP: 20/20 MP: 3/5
   397 | D:1      | Learned a level 2 spell: Searing Ray
   586 | D:1      | Found a faded altar of an unknown god.
  1053 | D:1      | Reached XP level 3. HP: 24/26 MP: 1/6
  1870 | D:2      | Learned a level 3 spell: Dazzling Flash
  1991 | D:2      | Reached skill level 5 in Conjurations
  1991 | D:2      | Reached XP level 4. HP: 33/33 MP: 7/7
  2139 | D:2      | Found Noynoric's General Store.
  3097 | D:3      | Noticed a phantom
  3113 | D:3      | Killed a phantom
  3114 | D:3      | Reached skill level 1 in Short Blades
  3114 | D:3      | Reached XP level 5. HP: 34/39 MP: 2/9
  3669 | D:3      | Found a runed translucent door.
  3670 | D:3      | Noticed Crazy Yiuf
  3685 | D:3      | Killed Crazy Yiuf
  3686 | D:3      | Reached skill level 1 in Ranged Weapons
  3688 | D:3      | HP: 1/39 [poisoned by Crazy Yiuf]
  3691 | D:3      | Succumbed to Crazy Yiuf's poison

Illustrated notes

Levels and vault maps discovered:
D:1:      nagdon_arrival_double_spiral, layout_basic,
          dreamdust_ecumenical_altar_drowned_temple
D:2:      layout_rooms, serial_shops, shop
D:3:      layout_rooms, gammafunk_temple_overflow_claw, palyth_stone_intersect,
          uniq_crazy_yiuf_cottage

Skill      XL: |  1  2  3  4  5 |
---------------+----------------+-----
Stealth        | 2 |  2.4
Dodging        | 2 |  2.2
Conjurations   | 5 |  5.3
Short Blades   | 1 |  1.1
Spellcasting   | 3 |  3.3
Ranged Weapons | 1 |  1.1
Fighting       | |  0.8
Throwing       | |  0.7

Action                   |  1- 3 |  4- 6 || total
-------------------------+-------+-------++-------
Melee: Tailslap          |     3 |       ||     3
       Unarmed           |     1 |       ||     1
       Dagger            |    27 |       ||    27
 Fire: Sling             |       |    22 ||    22
Throw: Stone             |     9 |       ||     9
 Cast: Magic Dart        |    72 |    18 ||    90
       Searing Ray       |     3 |    25 ||    28
  Use: Scroll            |     4 |     6 ||    10
       Potion            |       |     1 ||     1
Armor: Skin              |    26 |     7 ||    33
Dodge: Dodged            |    40 |    26 ||    66

Table legend: (Time is in decaauts)
 A = Elapsed time spent in this place.
 B = Non-inter-level travel time spent in this place.
 C = Inter-level travel time spent in this place.
 D = Time resting spent in this place.
 E = Time spent auto-exploring this place.
 F = Levels seen in this place.
 G = Mean time per level.
                   A        B        C        D        E       F      G
               +--------+--------+--------+--------+--------+-----+--------+
         Total |   3702 |   3572 |    130 |   1499 |   1405 |   3 | 1234.0 |
       Dungeon |   3702 |   3572 |    130 |   1499 |   1405 |   3 | 1234.0 |
               +--------+--------+--------+--------+--------+-----+--------+

Top non-repeatable levels by time:
     D:1: 1667 daAuts
     D:2: 1094 daAuts
     D:3: 939 daAuts
